 Dungeon Crawl Stone Soup version 0.25.0-37-gb73750e0fb (webtiles) character file.

Game seed: 5902941319208210915

1105930 Ivan the Talismancer (level 27, -28/354 HPs)
             Began as a Deep Dwarf Fighter on July 6, 2020.
             Was the Champion of Makhleb.
             Killed from afar by an ancient lich (98 damage)
             ... with a crystal spear
             ... on level 23 of a ziggurat on July 9, 2020.
             The game lasted 09:31:30 (83653 turns).

Ivan the Talismancer (Deep Dwarf Fighter)          Turns: 83653, Time: 09:31:30

Health: -28/354    AC: 47    Str: 48      XL:     27
Magic:  1/1        EV: 35    Int: 10 (11) God:    Makhleb [******]
Gold:   7678       SH: 40    Dex: 19 (21) Spells: 26/26 levels left

rFire    + + .     SeeInvis +   K - +9 broad axe (vamp)
rCold    + . .     Gourm    .   l - +8 tower shield {rPois}
rNeg     + + +     Faith    .   c - +10 plate armour "Wimoetoj" {Harm rF+ Str+10 Int-2}
rPois    +         Spirit   .   O - +2 helmet
rElec    .         Reflect  .   F - +0 cloak "Dittej" {rPois Slay+3}
rCorr    .         Harm     +   U - +2 pair of gloves of Amixoc {rN+ Int+4 Dex+4 SInv}
MR       ++++.                  M - +2 pair of boots {run}
Stlth    ..........             H - amulet of Carokleu {RegenMP rPois rN+ Str+3 Int-3}
HPRegen  0.00/turn              N - ring of Ilasmez {rF+ rC+ Dex+2 Slay+6}
MPRegen  0.32/turn              Z - ring "Fiuts" {EV+4 Str+2 Int+3 Dex+3 Stlth-}

@: very slightly contaminated, non-regenerating, slowed, very slow
A: damage resistance, heal wounds, hooves 1, negative energy resistance 1, sense
surroundings 3, robust 2, no regeneration
}: 8/15 runes: serpentine, barnacled, slimy, silver, iron, obsidian, icy, bone
a: Heal Wounds, Minor Destruction, Lesser Servant of Makhleb, Major Destruction,
Greater Servant of Makhleb, Renounce Religion


You were on level 23 of a ziggurat.
You worshipped Makhleb.
Makhleb was exalted by your worship.
You were hungry.

You visited 16 branches of the dungeon, and saw 78 of its levels.
You visited 2 bazaars.
You visited 1 ziggurat, and saw 23 of its levels.
You also visited: Trove, Sewer, Volcano and Wizlab.

You collected 12820 gold pieces.
You spent 5142 gold pieces at shops.

Inventory:

Hand Weapons
 a - a +3 eudemon blade of holy wrath
 e - the +9 sword of Zonguldrok {reap}
   (You found it on level 12 of a ziggurat)

   If a monster killed with it leaves a corpse in good enough shape, the corpse
   will be animated as a zombie friendly to the killer.
 K - a +9 vampiric broad axe (weapon)
Armour
 c - the +10 plate armour "Wimoetoj" (worn) {Harm rF+ Str+10 Int-2}
   (You bought it in a shop on level 2 of the Snake Pit)

   It affects your strength (+10).
   It affects your intelligence (-2).
   It protects you from fire.
   It increases damage dealt and taken.
 l - a +8 tower shield of poison resistance (worn)
 B - the +0 gold dragon scales "Sekebuh" {rPois rF+ rC+ MR+++ Regen+ Int-3 Dex+4}
   (You found it on level 10 of a ziggurat)

   It affects your intelligence (-3).
   It affects your dexterity (+4).
   It protects you from fire.
   It protects you from cold.
   It protects you from poison.
   It affects your resistance to hostile enchantments.
   It increases your rate of regeneration.
 F - the +0 cloak "Dittej" (worn) {rPois Slay+3}
   (You acquired it in a volcano)

   It affects your accuracy and damage with ranged weapons and melee attacks
   (+3).
   It protects you from poison.
 M - a +2 pair of boots of running (worn)
 O - a +2 helmet (worn)
 U - the +2 pair of gloves of Amixoc (worn) {rN+ Int+4 Dex+4 SInv}
   (You found it on level 5 of the Pits of Slime)

   It affects your intelligence (+4).
   It affects your dexterity (+4).
   It protects you from negative energy.
   It lets you see invisible.
Jewellery
 u - the ring of Evaqy {+Fly rElec rCorr MP+9 Int-3}
   (You took it off a deep elf annihilator on level 3 of the Elven Halls)

   [ring of resist corrosion]

   It affects your intelligence (-3).
   It insulates you from electricity.
   It affects your magic capacity (+9).
   It lets you fly.
   It provides partial protection from all sources of acid and corrosion.
 w - the amulet "Nietof" {Acrobat rF+ rC++ MR+}
   (You found it on level 21 of a ziggurat)

   [amulet of the acrobat]

   It helps you evade while moving and waiting.
   It protects you from fire.
   It greatly protects you from cold.
   It affects your resistance to hostile enchantments.
 H - the amulet of Carokleu (around neck) {RegenMP rPois rN+ Str+3 Int-3}
   (You found it on level 5 of the Pits of Slime)

   [amulet of magic regeneration]

   It increases your magic regeneration.
   It affects your strength (+3).
   It affects your intelligence (-3).
   It protects you from poison.
   It protects you from negative energy.
 N - the ring of Ilasmez (left hand) {rF+ rC+ Dex+2 Slay+6}
   (You found it in a wizard's laboratory)

   [ring of protection from cold]

   It affects your dexterity (+2).
   It affects your accuracy and damage with ranged weapons and melee attacks
   (+6).
   It protects you from fire.
   It protects you from cold.
 Z - the ring "Fiuts" (right hand) {EV+4 Str+2 Int+3 Dex+3 Stlth-}
   (You found it on level 7 of Gehenna)

   [ring of evasion]

   It affects your evasion (+4).
   It affects your strength (+2).
   It affects your intelligence (+3).
   It affects your dexterity (+3).
   It makes you less stealthy.
Wands
 m - a wand of enslavement (17)
 t - a wand of iceblast (31)
 y - a wand of disintegration (23)
 E - a wand of clouds (17)
 L - a wand of digging (1)
 Q - a wand of acid (19)
 V - a wand of paralysis (58)
 X - a wand of polymorph (50)
Scrolls
 b - 3 scrolls of immolation
 g - 12 scrolls of fog
 h - 7 scrolls of summoning
 p - 2 scrolls of blinking
 q - 41 scrolls of remove curse
 s - 30 scrolls of teleportation
 G - 5 scrolls of magic mapping
 I - 4 scrolls of torment
 P - 4 scrolls of holy word
 R - 5 scrolls of vulnerability
 S - 2 scrolls of silence
Potions
 d - 12 potions of might
 j - 20 potions of mutation
 k - a potion of brilliance
 n - 5 potions of berserk rage
 o - 5 potions of resistance
 x - 10 potions of curing
 D - 3 potions of ambrosia
 J - 7 potions of haste
 T - 3 potions of cancellation
 Y - 2 potions of flight
Miscellaneous
 r - the horn of Geryon
 v - 18 boxes of beasts
 z - 16 phantom mirrors
 A - a tin of tremorstones (1/3)
Comestibles
 f - 61 rations


   Skills:
 + Level 26.3 Fighting
 * Level 20.7 Long Blades
 O Level 27 Axes
 O Level 27 Armour
 O Level 27 Dodging
 O Level 27 Shields
 - Level 19.5 Invocations
 O Level 27 Evocations


You had 26 spell levels left.
You didn't know any spells.
Your spell library contained the following spells:

 Spells                   Type           Power        Failure   Level  Hunger
 Animate Skeleton         Necr           N/A          58%         1    ##.....
 Apportation              Tloc           #.....       58%         1    ##.....
 Beastly Appendage        Tmut           #.....       58%         1    ##.....
 Corona                   Hex            #......      58%         1    ##.....
 Foxfire                  Conj/Fire      #...         58%         1    ##.....
 Freeze                   Ice            #...         58%         1    ##.....
 Infusion                 Chrm           #...         58%         1    ##.....
 Magic Dart               Conj           #...         58%         1    ##.....
 Pain                     Necr           #...         58%         1    ##.....
 Sandblast                Erth           #.....       58%         1    ##.....
 Shock                    Conj/Air       #...         58%         1    ##.....
 Sting                    Tmut/Pois      #...         58%         1    ##.....
 Summon Butterflies       Summ           #.......     58%         1    ##.....
 Summon Small Mammal      Summ           #...         58%         1    ##.....
 Blink                    Tloc           N/A          73%         2    ###....
 Call Imp                 Summ           #.......     73%         2    ###....
 Corpse Rot               Necr/Air       N/A          73%         2    ###....
 Ensorcelled Hibernation  Hex/Ice        #.....       73%         2    ###....
 Passwall                 Tmut/Erth      #.......     73%         2    ###....
 Poisonous Vapours        Pois/Air       #.....       73%         2    ###....
 Searing Ray              Conj           #.....       73%         2    ###....
 Shroud of Golubria       Chrm/Tloc      #.....       73%         2    ###....
 Slow                     Hex            #.......     73%         2    ###....
 Song of Slaying          Chrm           #.......     73%         2    ###....
 Sticks to Snakes         Tmut           #.......     73%         2    ###....
 Sublimation of Blood     Necr           #.........   73%         2    ###....
 Swiftness                Chrm/Air       #.......     73%         2    ###....
 Call Canine Familiar     Summ           #.......     91%         3    ####...
 Confusing Touch          Hex            #.......     91%         3    ####...
 Conjure Flame            Conj/Fire      #.......     91%         3    ####...
 Dazzling Flash           Conj/Hex       #.....       91%         3    ####...
 Frozen Ramparts          Ice            #.....       91%         3    ####...
 Gell's Gravitas          Tloc           #.........   91%         3    ####...
 Ignite Poison            Fire/Tmut/Pois #.......     91%         3    ####...
 Inner Flame              Hex/Fire       #.......     91%         3    ####...
 Lesser Beckoning         Tloc           #.........   91%         3    ####...
 Mephitic Cloud           Conj/Pois/Air  #.......     91%         3    ####...
 Ozocubu's Armour         Chrm/Ice       #.......     91%         3    ####...
 Portal Projectile        Hex/Tloc       #.....       91%         3    ####...
 Recall                   Summ/Tloc      N/A          91%         3    ####...
 Spectral Weapon          Hex/Chrm       #.......     91%         3    ####...
 Spider Form              Tmut/Pois      #.........   91%         3    ####...
 Static Discharge         Conj/Air       #.......     91%         3    ####...
 Stone Arrow              Conj/Erth      #.....       91%         3    ####...
 Summon Guardian Golem    Hex/Summ       #.......     91%         3    ####...
 Teleport Other           Tloc           #.......     91%         3    ####...
 Tukima's Dance           Hex            #.......     91%         3    ####...
 Vampiric Draining        Necr           #.........   91%         3    ####...
 Airstrike                Air            #.........   100%        4    #####..
 Animate Dead             Necr           N/A          100%        4    #####..
 Cause Fear               Hex            #.........   100%        4    #####..
 Dispel Undead            Necr           #.......     100%        4    #####..
 Fulminant Prism          Conj/Hex       #.........   100%        4    #####..
 Hailstorm                Conj/Ice       #.......     100%        4    #####..
 Ice Form                 Ice/Tmut       #.......     100%        4    #####..
 Iskenderun's Mystic Bla  Conj/Tloc      #.......     100%        4    #####..
 Leda's Liquefaction      Hex/Erth       #.........   100%        4    #####..
 Olgreb's Toxic Radiance  Pois           #.......     100%        4    #####..
 Passage of Golubria      Tloc           N/A          100%        4    #####..
 Petrify                  Tmut/Erth      #.......     100%        4    #####..
 Sticky Flame             Conj/Fire      #.......     100%        4    #####..
 Summon Ice Beast         Ice/Summ       #.......     100%        4    #####..
 Summon Lightning Spire   Summ/Air       #.......     100%        4    #####..
 Agony                    Necr           #.......     100%        5    ######.
 Alistair's Intoxication  Tmut/Pois      #.......     100%        5    ######.
 Aura of Abjuration       Summ           #.........   100%        5    ######.
 Blade Hands              Tmut           #.........   100%        5    ######.
 Bolt of Magma            Conj/Fire/Erth #.........   100%        5    ######.
 Borgnjor's Vile Clutch   Necr/Erth      #.........   100%        5    ######.
 Excruciating Wounds      Chrm/Necr      #.........   100%        5    ######.
 Fireball                 Conj/Fire      #.........   100%        5    ######.
 Irradiate                Conj/Tmut      #.........   100%        5    ######.
 Iskenderun's Battlesphe  Conj/Chrm      #.......     100%        5    ######.
 Lee's Rapid Deconstruct  Erth           #.........   100%        5    ######.
 Lightning Bolt           Conj/Air       #.........   100%        5    ######.
 Metabolic Englaciation   Hex/Ice        #.........   100%        5    ######.
 Silence                  Hex/Air        #.........   100%        5    ######.
 Summon Demon             Summ           #.........   100%        5    ######.
 Summon Forest            Summ/Tloc      #.........   100%        5    ######.
 Summon Mana Viper        Hex/Summ       #.......     100%        5    ######.
 Yara's Violent Unravell  Hex/Tmut       #.........   100%        5    ######.
 Conjure Ball Lightning   Conj/Air       #.........   100%        6    #######
 Darkness                 Hex            #.........   100%        6    #######
 Death Channel            Necr           #.........   100%        6    #######
 Dispersal                Tloc           #.........   100%        6    #######
 Eringya's Noxious Bog    Tmut/Pois      #.........   100%        6    #######
 Freezing Cloud           Conj/Ice/Air   #.........   100%        6    #######
 Hydra Form               Tmut           #.........   100%        6    #######
 Invisibility             Hex            #.......     100%        6    #######
 Iron Shot                Conj/Erth      #.........   100%        6    #######
 Shadow Creatures         Summ           N/A          100%        6    #######
 Simulacrum               Ice/Necr       #.........   100%        6    #######
 Statue Form              Tmut/Erth      #........    100%        6    #######
 Dragon Form              Tmut           #.........   100%        7    #######
 Haunt                    Necr/Summ      #.........   100%        7    #######
 Malign Gateway           Summ/Tloc      #.........   100%        7    #######
 Orb of Destruction       Conj           #.........   100%        7    #######
 Ring of Flames           Chrm/Fire      #.........   100%        7    #######
 Spellforged Servitor     Conj/Summ      #.........   100%        7    #######
 Borgnjor's Revivificati  Necr           #.........   100%        8    #######
 Chain Lightning          Conj/Air       #.........   100%        8    #######
 Death's Door             Chrm/Necr      #.........   100%        8    #######
 Discord                  Hex            #.........   100%        8    #######
 Disjunction              Tloc           #.........   100%        8    #######
 Ignition                 Fire           #.........   100%        8    #######
 Infestation              Necr           #.........   100%        8    #######
 Lehudib's Crystal Spear  Conj/Erth      #.........   100%        8    #######
 Necromutation            Tmut/Necr      #.........   100%        8    #######
 Absolute Zero            Ice            #.........   100%        9    #######
 Dragon's Call            Summ           #.........   100%        9    #######
 Fire Storm               Conj/Fire      #.........   100%        9    #######
 Shatter                  Erth           #.........   100%        9    #######
 Tornado                  Air            #.........   100%        9    #######


Dungeon Overview and Level Annotations

Branches:
Dungeon (15/15)            Temple (1/1) D:5            Lair (6/6) D:10
 Shoals (4/4) Lair:2        Snake (4/4) Lair:4        Slime (5/5) Lair:6
    Orc (2/2) D:10            Elf (3/3) Orc:2        Vaults (5/5) D:14
  Crypt (3/3) Vaults:2       Tomb (0/3) Crypt:3      Depths (2/5) D:15
   Hell (visited)             Dis (7/7) Hell            Geh (7/7) Hell
    Coc (7/7) Hell            Tar (7/7) Hell          Sewer (visited)
Volcano (visited)          WizLab (visited)

Altars:
Ashenzari
Cheibriados
Dithmenos
Elyvilon
Fedhas
Gozag
Hepliaklqana
Kikubaaqudgha
Makhleb
Nemelex Xobeh
Okawaru
Qazlal
Ru
Sif Muna
Trog
Uskayaw
Vehumet
Wu Jian
Xom
Yredelemnul
Zin
The Shining One
Beogh
Jiyva

Shops:
D:4 *   D:5 ?   D:6 !   D:14 !   Orc:2 ([[:   Snake:2 [:*:   Vaults:4 %
Depths:1 ==}[

Portals:
Hell: Depths:1 Depths:2

Annotations:
D:7 exclusion: ice statue
Snake:3 3 runed translucent doors, Ousak's ghost, adept OpTm
Elf:1 6 runed translucent doors
Depths:2 4 exclusions
Tar:1 exclusion: vampire knight


Innate Abilities, Weirdness & Mutations

You are resistant to damage.
You can heal yourself by infusing magical energy.
You resist negative energy. (rN+)
You passively map a large area around you.
You do not regenerate.
You have large cloven feet.
You are very robust. (+20% HP)


Message History

You destroy the mummy!
Makhleb accepts your kill.
You feel better.
You feel extremely nervous for a moment...
You are engulfed in negative energy!
You feel clumsy.
You feel extremely nervous for a moment...
Strange energies run through your body.
The death scarab is lost in a daze.
You block the death scarab's attack. You block the ancient lich's attack.
A juggernaut skeleton comes into view.
The greater mummy gestures at you while chanting.
Something smites you!
* * * LOW HITPOINT WARNING * * *
The greater mummy completely misses you.
The guardian mummy is lost in a daze.
An ushabti comes into view.
The mummy priest is lost in a daze.
The ancient lich casts a spell at you. The crystal spear hits you!!!!
You die...

* * * * ▓▓........
, ▓▓......... ,
▓▓.......... ,, *
▓▓........... , *
▓▓............ , *
▓▓...§§s.....ZM, ,
▓▓....§s§Z§.†... ,
▓▓.....§M@M....MM
, , ,
▓▓......§s§L§M°.M.
,
▓.∩.....§§M§§†....
,
▓▓.......§.§M....s
▓▓..........L..8.
, ,
▓▓..........M.sM ,
, ▓▓...........M.
, ▓▓............ ,
,** ▓▓......... *


You could see 5 greater mummies, 3 emperor scorpions, an ancient lich (fast,
dazed), 2 mummy priests, a guardian mummy (dazed), a death scarab (dazed) and 2
juggernaut skeletons.

Vanquished Creatures
  Antaeus (Coc:7)
  Dissolution (Slime:3)
  Ereshkigal (Tar:7)
  the Royal Jelly (Slime:5)
  the Serpent of Hell (Coc:7)
  6 ancient liches
  Dispater (Dis:7)
  Mara (Vaults:2)
  Mennas (Vaults:5)
  5 juggernauts
  A pandemonium lord (Zig:19)
  Sojobo (Vaults:4)
  28 shard shrikes
  A Killer Klown (Zig:5)
  Bai Suzhen (Shoals:3)
  Saint Roka (Orc:2)
  Xtahua (Vaults:2)
  Geryon (Hell)
  Jory (Vaults:4)
  The ghost of Esecs the Devastator, a veteran GrEE of Lugonu (Crypt:3)
  Nikola (Vaults:1)
  A profane servitor (Zig:13)
  A golden dragon (Vaults:5)
  A mutant beast (WizLab)
  24 bone dragons
  16 doom hounds
  38 Tzitzimimeh
  31 Brimstone Fiends
  A hellephant (Hell)
  14 Hell Sentinels
  7 iron giants
  28 Ice Fiends
  3 tentacled monstrosities
  13 liches
  5 deep elf blademasters
  11 titans
  9 deep elf master archers
  30 acid blobs
  2 quicksilver dragons (Dis:6)
  10 ancient champions
  6 Executioners
  3 tentacled starspawn
  A kraken (Shoals:3)
  5 sphinxes
  11 shadow dragons
  3 warmongers (Zig:19)
  3 draconian monks (Zig:21)
  3 storm dragons (Vaults:5)
  3 revenants (Crypt:3)
  15 azure jellies
  13 tengu reavers
  18 nagarajas
  2 daevas (Depths:2)
  16 fire giants
  Ilsuiw (Shoals:3)
  2 azure jellies (shapeshifter)
  16 frost giants
  6 draconian knights
  9 orc warlords
  4 draconian scorchers (Zig:21)
  8 cacodemons
  25 balrugs
  10 deep elf sorcerers
  15 iron dragons
  17 vault wardens
  2 curse skulls (Crypt:3)
  The ghost of Enish the Severer, a journeyman DDFi of Sif Muna (Orc:2)
  A caustic shrike zombie (Zig:23)
  A juggernaut zombie (Zig:9)
  A caustic shrike skeleton (Zig:14)
  10 ghouls
  113 reapers
  9 very ugly things
  A spriggan defender (Depths:2)
  3 draconian stormcallers (Zig:21)
  3 deep elf elementalists
  6 draconian shifters (Zig:21)
  A juggernaut skeleton (Zig:14)
  8 draconian annihilators
  25 war gargoyles
  An ophan (Zig:13)
  30 stone giants
  7 elemental wellsprings
  2 entropy weavers (Vaults:2)
  11 ironheart preservers
  2 corrupters
  5 lorocyprocas
  Azrael (D:13)
  13 vampire knights
  2 blood saints
  2 black suns (Zig:19)
  6 green draconians (Zig:21)
  11 deep elf demonologists
  3 red draconians (Zig:21)
  2 yellow draconians (Zig:21)
  17 deep elf annihilators
  A spark wasp (shapeshifter) (WizLab)
  A spark wasp (Depths:2)
  16 quicksilver dragon zombies
  4 purple draconians (Zig:21)
  5 deep elf death magi
  13 blizzard demons
  14 ettins
  8 eidola
  5 merfolk javelineers
  4 green deaths
  5 fire dragons
  5 jiangshi
  11 death oozes
  15 great orbs of eyes
  6 mummy priests (Zig:23)
  6 merfolk impalers
  6 ogre magi
  Josephine (D:13)
  6 deep elf high priests
  6 rakshasas
  13 quicksilver dragon skeletons
  25 yaktaur captains
  9 hydras
  3 kraken zombies
  31 vault guards
  28 naga warriors
  Harold (D:7)
  34 ice dragons
  2 hell beasts
  2 spriggan air magi (Depths:2)
  A catoblepas (Lair:6)
  2 shambling mangroves (Zig:8)
  7 anacondas
  2 alligators (Zig:8)
  5 merfolk avatars
  A ghost crab (Tar:6)
  An alligator snapping turtle (shapeshifter) (Zig:5)
  17 centaur warriors
  17 two-headed ogres
  An anaconda (shapeshifter) (Zig:18)
  An alligator snapping turtle (Shoals:1)
  16 death yaks (Lair:6)
  3 death scarabs (Zig:23)
  9 merfolk aquamancers
  7 satyrs
  2 tengu warriors
  20 dancing weapons
  2 deep troll shamans
  26 naga sharpshooters
  A two-headed ogre (shapeshifter) (Vaults:5)
  43 hell hogs
  8 death knights
  18 iron golems
  9 titan zombies
  5 deep troll earth magi
  8 vampire magi
  7 storm dragon zombies
  A spriggan berserker (Depths:2)
  5 orc high priests
  A thrashing horror (Zig:7)
  23 deep elf knights
  23 sun demons
  14 titan skeletons
  6 shock serpents
  7 wretched stars
  A death drake (shapeshifter) (Vaults:5)
  A sixfirhy (Hell)
  25 soul eaters
  41 hell knights
  24 iron trolls
  158 skeletal warriors
  9 storm dragon skeletons
  3 fire crabs (shapeshifter) (WizLab)
  9 sea snakes
  18 shadow wraiths
  2 spatial maelstroms
  5 salamander mystics
  4 golden dragon zombies
  3 ghost moth zombies
  The ghost of lepoulpe303 the Jinx, a novice SpEn of Gozag (D:8)
  2 spriggan druids
  An unseen horror (shapeshifter) (D:14)
  An infernal demonspawn (Zig:19)
  8 deep trolls
  4 glowing orange brains
  27 anaconda zombies
  28 flayed ghosts
  17 shadow demons
  6 unseen horrors
  A death drake (Tar:1)
  9 naga ritualists
  4 obsidian statues
  9 wizards
  A torturous demonspawn (Zig:19)
  7 orange crystal statues
  8 golden dragon skeletons
  25 harpies
  An iron giant skeleton (Crypt:2)
  2 kraken simulacra
  21 ironbrand convokers
  23 necromancers
  7 wolf spider zombies
  A swamp dragon (shapeshifter) (WizLab)
  3 swamp dragons (Zig:8)
  17 deep elf archers
  A harpy (shapeshifter) (Vaults:3)
  17 anaconda skeletons
  14 orc knights
  A lindwurm (Lair:4)
  8 shadow dragon zombies
  40 phantasmal warriors
  3 orb spiders (shapeshifter)
  A sphinx zombie (Zig:14)
  3 wolf spiders
  6 mana vipers
  A salamander (shapeshifter) (Zig:18)
  10 stone giant zombies
  2 oklob plants (Lair:3)
  15 iron dragon zombies
  51 deep elf magi
  11 shining eyes
  7 shadow dragon skeletons
  28 ugly things
  18 fauns
  10 manticores
  16 fire giant zombies
  15 salamanders
  18 frost giant zombies
  13 orc sorcerers
  20 cyclopes
  13 moths of wrath
  14 fire giant skeletons
  A guardian serpent (shapeshifter) (Depths:2)
  4 elephants (Lair:6)
  6 frost giant skeletons
  Maurice (D:8)
  A black mamba (shapeshifter) (WizLab)
  2 centaur zombies
  8 merfolk sirens
  2 titan simulacra (Coc:7)
  4 ice statues
  28 black mambas
  9 eyes of devastation
  10 guardian serpents
  17 vault sentinels
  8 stone giant skeletons
  Psyche (D:8)
  8 iron dragon skeletons
  5 shock serpent zombies
  A storm dragon simulacrum (Coc:7)
  7 smoke demons
  A spriggan zombie (Zig:14)
  3 apocalypse crabs
  4 water nymphs
  6 centaur skeletons
  9 dire elephant zombies
  55 rust devils
  A shock serpent skeleton (Tar:2)
  16 naga magi
  A yellow draconian zombie (Crypt:2)
  A torpor snail (Lair:6)
  10 molten gargoyles
  2 orange demons
  3 gargoyles
  2 torpor snails (shapeshifter)
  A yaktaur (shapeshifter) (WizLab)
  Maggie (D:8)
  11 dire elephant skeletons
  62 freezing wraiths
  2 catoblepas zombies
  13 efreet
  A red draconian zombie (Crypt:3)
  11 spiny frogs
  2 emperor scorpion zombies
  60 hellions
  2 komodo dragons (shapeshifter) (WizLab)
  2 rime drakes
  An anaconda simulacrum (Coc:1)
  A swamp worm zombie (Crypt:2)
  7 komodo dragons
  A ghost moth simulacrum (Coc:1)
  A minotaur zombie (Dis:7)
  A yellow draconian skeleton (Tar:7)
  A golden dragon simulacrum (Zig:13)
  A green draconian skeleton (Tar:2)
  A grey draconian skeleton (Crypt:3)
  77 tormentors
  59 yaktaurs
  A demonic crawler (Hell)
  47 ice devils
  A catoblepas skeleton (Geh:5)
  2 hellwings (Zig:19)
  37 red devils
  8 trolls
  31 hydra zombies
  A pale draconian skeleton (Crypt:1)
  3 ancient zymes
  8 guardian mummies (Zig:23)
  6 harpy zombies
  7 wind drakes
  20 merfolk
  5 polar bears (shapeshifter)
  3 polar bears
  3 jumping spiders (shapeshifter)
  A shadow dragon simulacrum (Coc:7)
  6 hornets
  2 queen bees (shapeshifter) (WizLab)
  2 wind drakes (shapeshifter) (Vaults:3)
  5 silent spectres
  11 hydra skeletons
  2 hornets (shapeshifter)
  3 blink frogs (Lair:3)
  10 dream sheep
  10 fire dragon zombies
  A fire giant simulacrum (Zig:13)
  10 ettin zombies
  A blink frog (shapeshifter) (Vaults:4)
  11 alligator zombies
  135 slime creatures
  2 stone giant simulacra
  An iron dragon simulacrum (Coc:1)
  6 hippogriffs
  2 hippogriffs (shapeshifter)
  4 harpy skeletons
  16 ice dragon zombies
  5 snapping turtles
  9 ettin skeletons
  8 black mamba zombies
  A meliai zombie (D:14)
  A satyr zombie (Crypt:1)
  3 bog bodies
  211 flying skulls
  A vampire (D:13)
  10 fire dragon skeletons
  13 ice dragon skeletons
  5 alligator skeletons
  Sigmund (D:5)
  51 shadows
  3 tarantellas (shapeshifter)
  3 redbacks (shapeshifter)
  8 ynoxinuls
  2 wyverns
  3 redbacks (Vaults:2)
  36 water elementals
  6 air elementals
  3 elf skeletons
  66 wraiths
  2 yaks (shapeshifter) (WizLab)
  A basilisk (Lair:3)
  6 black mamba skeletons
  A hog (shapeshifter) (WizLab)
  2 humans (shapeshifter) (WizLab)
  19 yaks
  2 ushabtiu (Zig:23)
  2 basilisks (shapeshifter) (WizLab)
  3 fire bats (Depths:1)
  18 golden eyes
  3 chaos spawn
  9 hungry ghosts
  56 fire elementals
  A golden eye (shapeshifter) (Vaults:1)
  A catoblepas simulacrum (Coc:3)
  A two-headed ogre zombie (Crypt:2)
  An insubstantial wisp (Zig:8)
  An emperor scorpion simulacrum (Hell)
  19 wargs
  A glowing shapeshifter zombie (Crypt:2)
  78 nagas
  A soldier ant (shapeshifter) (Elf:2)
  Edmund (D:4)
  4 acid dragons
  14 large abominations
  7 water moccasins
  2 soldier ants
  2 swamp worms (shapeshifter)
  Duvessa (D:6)
  3 hydra simulacra
  5 floating eyes
  15 porcupines
  8 small abominations
  26 spiny frog zombies
  129 hell hounds
  A torturous demonspawn skeleton (Crypt:1)
  2 swamp drakes (Zig:8)
  67 orc warriors
  9 snapping turtle zombies
  A water nymph skeleton (Crypt:1)
  A deep troll skeleton (Crypt:3)
  21 ice beasts
  3 spiny frog skeletons
  A fire dragon simulacrum (Coc:6)
  2 merfolk skeletons
  4 sky beasts
  2 eyes of draining (shapeshifter)
  A sky beast (shapeshifter) (WizLab)
  40 necrophages
  17 eyes of draining
  3 ettin simulacra
  13 phantoms
  2 black bears (shapeshifter)
  16 centaurs
  33 ogres
  2 swamp dragon zombies
  10 wolves
  10 snapping turtle skeletons
  11 crocodiles
  6 manticore skeletons
  2 swamp dragon skeletons
  5 big kobolds
  A big kobold (shapeshifter) (WizLab)
  15 bullfrogs
  A komodo dragon zombie (Crypt:3)
  3 elf zombies
  Dowan (D:6)
  6 earth elementals
  A yaktaur skeleton (Crypt:2)
  5 spiny frog simulacra
  A wyvern skeleton (D:6)
  5 scorpions
  A yak zombie (Crypt:3)
  4 troll zombies
  A swamp dragon simulacrum (Coc:4)
  11 killer bees
  A manticore simulacrum (Coc:3)
  147 wights
  4 electric eels
  A spriggan skeleton (Geh:7)
  3 howler monkeys
  21 crimson imps
  29 starcursed masses
  2 quasits
  3 bullfrog zombies
  3 bullfrog skeletons
  8 hounds
  2 jellies
  Crazy Yiuf (D:5)
  5 human zombies
  71 iron imps
  30 orc priests
  34 orc wizards
  A gnoll shaman (Zig:20)
  2 iguanas
  2 human skeletons
  13 worker ants
  A killer bee zombie (Crypt:3)
  A tengu zombie (Dis:3)
  A tengu skeleton (Geh:4)
  2 naga skeletons
  3 ogre skeletons
  29 mummies
  A hound zombie (D:8)
  A hound skeleton (Crypt:1)
  A howler monkey skeleton (D:4)
  A gnoll (Zig:20)
  12 adders
  A river rat (D:3)
  29 shadow imps
  13 white imps
  An ufetubus (Vaults:1)
  4 oozes
  An adder zombie (D:8)
  A lava snake skeleton (Crypt:1)
  4 worms
  A barachi skeleton (Crypt:3)
  2 dart slugs
  6 leopard geckos
  154 orcs
  12 bats
  10 giant cockroaches
  3 goblins
  9 hobgoblins
  7 jackals
  8 quokkas
  7 ball pythons
  9 frilled lizards
  29 kobolds
  A kobold zombie (Dis:2)
  A leopard gecko zombie (D:5)
  A quokka skeleton (D:9)
  A quokka zombie (Crypt:2)
  17 rats
  A crawling corpse (Elf:1)
  3 fungi
  24 plants
  5 starspawn tentacles
  9 tentacles
5340 creatures vanquished.

Vanquished Creatures (collateral kills)
  Asmodeus (Geh:7)
  A bone dragon (Crypt:3)
  A Tzitzimitl (Zig:19)
  An Ice Fiend (Coc:2)
  A curse skull (Crypt:1)
  A draconian knight (Zig:21)
  A reaper (Zig:6)
  A blood saint (Zig:19)
  A green death (Dis:7)
  A titan zombie (Coc:7)
  4 skeletal warriors
  2 fauns (Shoals:1)
  A fire giant skeleton (Coc:7)
  A water nymph (Shoals:3)
  A spriggan zombie (Zig:23)
  2 merfolk sirens
  A hellion (Zig:6)
  A golden dragon simulacrum (Coc:7)
  A merfolk (Shoals:3)
  A wind drake (Shoals:1)
  A hippogriff (Shoals:1)
  2 flying skulls (Zig:23)
  An alligator skeleton (Coc:7)
  A hydra simulacrum (Coc:7)
  An ettin simulacrum (Coc:7)
  3 wights (Crypt:1)
34 creatures vanquished.

Vanquished Creatures (others)
  A fire giant (Geh:7)
  A nagaraja (Zig:16)
  An ironheart preserver (Vaults:2)
  An elemental wellspring (Coc:5)
  3 stone giants (Zig:22)
  A deep elf annihilator (Zig:12)
  A merfolk javelineer (Zig:22)
  A green death (Zig:19)
  A rakshasa (Vaults:1)
  A monstrous demonspawn (Zig:19)
  A merfolk aquamancer (Shoals:4)
  A hell hog (Geh:1)
  A deep elf knight (Zig:12)
  2 deep elf magi
  2 fauns (Zig:22)
  An ugly thing (Vaults:1)
  A naga mage (Snake:4)
  A vault sentinel (Vaults:1)
  A merfolk (Shoals:3)
  A dream sheep (Shoals:3)
  A water elemental (Coc:7)
  A fire elemental (Geh:4)
  A neqoxec (Zig:19)
  A naga (Snake:3)
  A warg (Zig:20)
  A spiny frog zombie (Coc:1)
  A necrophage (Coc:6)
  3 centaurs (Zig:22)
  A bullfrog (shapeshifter) (Zig:18)
  2 wights
  A hound (D:13)
  An iron imp (Dis:7)
  3 orcs (Elf:1)
  A fungus (Lair:4)
  7 plants
  9 starspawn tentacles
  32 tentacles
91 creatures vanquished.

Grand Total: 5465 creatures vanquished

Notes
Turn   | Place    | Note
-------+----------+-------------------------------------------
     0 | D:1      | Ivan the Deep Dwarf Fighter began the quest for the Orb.
     0 | D:1      | Reached XP level 1. HP: 20/20 MP: 1/1
   660 | D:1      | Reached XP level 2. HP: 27/27 MP: 2/2
  1151 | D:2      | Reached XP level 3. HP: 31/34 MP: 3/3
  1616 | D:2      | Reached XP level 4. HP: 35/42 MP: 4/4
  1886 | D:3      | Reached skill level 1 in Dodging
  2088 | D:3      | Reached XP level 5. HP: 34/49 MP: 5/5
  2151 | D:3      | Found a glowing drain.
  2162 | Sewer    | Entered a sewer
  2295 | Sewer    | Reached XP level 6. HP: 53/57 MP: 6/6
  2644 | D:3      | Reached skill level 5 in Shields
  2644 | D:3      | Reached XP level 7. HP: 24/64 MP: 7/7
  2690 | D:3      | Reached skill level 5 in Armour
  2800 | D:3      | Found a sparkling altar of Nemelex Xobeh.
  2819 | D:3      | Found a snail-covered altar of Cheibriados.
  3006 | D:3      | Found a white marble altar of Elyvilon.
  3008 | D:3      | Found a bloodstained altar of Trog.
  3619 | D:4      | Found Afole's Assorted Antiques.
  3634 | D:4      | Bought a scroll labeled KAIJAOPIBA for 28 gold pieces
  3634 | D:4      | Bought a scroll labeled PINTEK UVAPAOT for 28 gold pieces
  3634 | D:4      | Bought an emerald potion for 25 gold pieces
  3818 | D:5      | Entered Level 5 of the Dungeon
  3863 | D:5      | Noticed Edmund
  3885 | D:5      | HP: 2/66 [orc priest/divine providence (16)]
  3902 | D:4      | Reached skill level 5 in Axes
  3910 | D:4      | Reached XP level 8. HP: 60/73 MP: 6/6
  3925 | D:4      | Killed Edmund
  4016 | D:5      | Found a staircase to the Ecumenical Temple.
  4031 | Temple   | Entered the Ecumenical Temple
  4151 | D:5      | Reached skill level 5 in Fighting
  4197 | D:5      | Found an iron altar of Okawaru.
  4265 | D:5      | Found a glowing golden altar of the Shining One.
  4290 | D:5      | Noticed Sigmund
  4313 | D:5      | Killed Sigmund
  4503 | D:5      | Found a hazy altar of Hepliaklqana.
  4536 | D:5      | Found Sajavuom's Magic Scroll Boutique.
  4542 | D:5      | Bought a scroll of identify for 24 gold pieces
  4542 | D:5      | Bought a scroll of remove curse for 36 gold pieces
  4614 | D:5      | Found a runed translucent door.
  4615 | D:5      | Noticed Crazy Yiuf
  4621 | D:5      | Killed Crazy Yiuf
  4716 | D:6      | Reached skill level 5 in Dodging
  4716 | D:6      | Noticed Duvessa
  4724 | D:6      | Killed Duvessa
  4728 | D:6      | Noticed Dowan
  4739 | D:6      | Killed Dowan
  4752 | D:6      | Gained mutation: You passively map the area around you.
                  | [Deep Dwarf growth]
  4752 | D:6      | Reached XP level 9. HP: 60/81 MP: 4/4
  5068 | D:6      | You fall into a shaft and drop 1 floor!
  5101 | D:7      | Noticed Harold
  5118 | D:7      | Killed Harold
  5153 | D:7      | Noticed an ice statue
  5395 | D:8      | Found a runed translucent door.
  5395 | D:8      | Noticed lepoulpe303's ghost (novice SpEn)
  5442 | D:8      | Reached skill level 1 in Evocations
  5643 | D:6      | Found Feawn's Distillery.
  5656 | D:6      | Bought a potion of curing for 33 gold pieces
  5656 | D:6      | Bought a potion of brilliance for 44 gold pieces
  5677 | D:6      | Noticed a moth of wrath
  5680 | D:6      | Found a bloodstained altar of Trog.
  6249 | D:7      | Found a stormy altar of Qazlal.
  6277 | D:7      | Reached XP level 10. HP: 67/92 MP: 4/4
  6531 | D:8      | Noticed Psyche
  6538 | D:8      | Killed Psyche
  6599 | D:8      | Found a shadowy altar of Dithmenos.
  6710 | D:8      | Noticed Maggie
  6739 | D:8      | Killed Maggie
  6813 | D:8      | Found an ornate altar of the Wu Jian Council.
  6990 | D:8      | Noticed Maurice
  7285 | D:8      | Killed lepoulpe303's ghost
  7632 | D:8      | Killed Maurice
  7908 | D:9      | Got an iridescent flail
  7910 | D:9      | Identified the +7 flail of Nemelex Xobeh {speed, rF+} (You
                  | found it on level 9 of the Dungeon)
  8121 | D:9      | Found a sacrificial altar of Ru.
  8346 | D:9      | Found a radiant altar of Vehumet.
  8346 | D:9      | Found a burning altar of Makhleb.
  8346 | D:9      | Noticed a gargoyle
  8349 | D:9      | Killed a gargoyle
  8349 | D:9      | Reached skill level 5 in Evocations
  8368 | D:9      | Became a worshipper of Makhleb the Destroyer
  8416 | D:10     | Entered Level 10 of the Dungeon
  8421 | D:10     | Found a staircase to the Orcish Mines.
  8561 | D:10     | Noticed a death knight
  8596 | D:10     | Killed a death knight
  8596 | D:10     | Reached skill level 1 in Invocations
  8596 | D:10     | Reached XP level 11. HP: 43/100 MP: 5/7
  8703 | D:10     | Found a staircase to the Lair.
  8732 | D:10     | Reached * piety under Makhleb
  8982 | Orc:1    | Entered Level 1 of the Orcish Mines
  8983 | Orc:1    | Identified a scroll of acquirement
  9268 | Orc:1    | Found a dark tunnel.
  9330 | Volcano  | Entered a volcano
  9365 | Volcano  | Noticed a lindwurm
  9365 | Volcano  | Noticed a lindwurm
  9487 | Volcano  | Reached ** piety under Makhleb
  9524 | Volcano  | Got the +0 cloak "Dittej" {rPois Slay+3}
  9743 | Orc:2    | Entered Level 2 of the Orcish Mines
  9743 | Orc:2    | Found a gateway to a bazaar.
  9743 | Orc:2    | Noticed an orange crystal statue
  9764 | Orc:2    | Noticed an orc warlord
  9782 | Orc:2    | Noticed an orc high priest
  9782 | Orc:2    | Noticed a two-headed ogre
  9859 | Orc:2    | Noticed an orc sorcerer
  9859 | Orc:2    | Noticed a stone giant
  9865 | Orc:2    | Killed an orange crystal statue
  9871 | Bazaar   | Entered a bazaar
  9875 | Bazaar   | Found Zujoel's Food Boutique.
  9896 | Bazaar   | Found Ipnakhos's Armour Emporium.
  9921 | Bazaar   | Found Myph's Food Boutique.
  9942 | Bazaar   | Found Sestrib's Book Shoppe.
  9992 | Bazaar   | Bought a +0 pair of gloves of dexterity for 126 gold pieces
 10119 | Orc:2    | Found a roughly hewn altar of Beogh.
 10119 | Orc:2    | Noticed an orc sorcerer
 10120 | Orc:2    | Found Irphyer's Book Shoppe.
 10132 | Orc:2    | Killed an orc sorcerer
 10143 | Orc:2    | Reached skill level 5 in Invocations
 10212 | Orc:2    | Killed an orc warlord
 10215 | Orc:2    | Reached XP level 12. HP: 86/111 MP: 5/5
 10256 | Orc:2    | Reached skill level 10 in Shields
 10262 | Orc:2    | Reached *** piety under Makhleb
 10278 | Orc:2    | Reached skill level 10 in Armour
 10450 | Orc:2    | Found a roughly hewn altar of Beogh.
 10570 | Orc:2    | Found a roughly hewn altar of Beogh.
 10608 | Orc:2    | Found a staircase to the Elven Halls.
 10629 | Orc:2    | Found a transporter.
 10687 | Orc:2    | Found a transporter.
 10708 | Orc:2    | Reached **** piety under Makhleb
 10719 | Orc:2    | Noticed an orc high priest
 10769 | Orc:2    | Killed an orc high priest
 10780 | Orc:2    | Noticed Saint Roka
 10828 | Orc:2    | Killed Saint Roka
 10828 | Orc:2    | Reached skill level 10 in Axes
 10843 | Orc:2    | Noticed an orc high priest
 10848 | Orc:2    | Found Amusyogeppo's Antique Weapon Shoppe.
 10965 | Orc:2    | Found a roughly hewn altar of Beogh.
 10966 | Orc:2    | Found Ceuvoics's Antique Armour Shop.
 10980 | Orc:2    | Paralysed by an orc sorcerer for 3 turns
 11079 | Orc:2    | Noticed Enish's ghost (journeyman DDFi)
 11110 | Orc:2    | Found Zauvou's Antique Armour Emporium.
 11112 | Orc:2    | Found a roughly hewn altar of Beogh.
 11117 | Orc:2    | Killed an orc high priest
 11140 | Orc:2    | Bought a pair of glowing boots for 172 gold pieces
 11147 | Orc:2    | Identified a +2 pair of boots of running (You bought it in
                  | a shop on level 2 of the Orcish Mines)
 11203 | Orc:2    | Noticed a stone giant
 11208 | Orc:2    | Reached ***** piety under Makhleb
 11218 | Orc:2    | Killed a stone giant
 11433 | Orc:2    | Bought a pair of runed gloves for 225 gold pieces
 11445 | Orc:2    | Bought an amethyst-encrusted chain mail for 285 gold pieces
 11456 | Orc:2    | Identified the +7 chain mail of the Fiddle {rN++ Slay+3
                  | SInv} (You bought it in a shop on level 2 of the Orcish
                  | Mines)
 11545 | Orc:2    | Killed Enish's ghost
 11545 | Orc:2    | Reached XP level 13. HP: 103/121 MP: 5/5
 11568 | Orc:2    | Got an ancient lapis lazuli ring
 11587 | Orc:2    | Identified the ring "Wiusut" {+Inv SInv Stlth-} (You found
                  | it on level 2 of the Orcish Mines)
 11703 | Lair:1   | Entered Level 1 of the Lair of Beasts
 13070 | Lair:2   | Found a staircase to the Shoals.
 13422 | Lair:3   | Reached skill level 10 in Evocations
 14444 | Lair:4   | Found a staircase to the Snake Pit.
 15691 | Lair:6   | Entered Level 6 of the Lair of Beasts
 15803 | Lair:6   | Gained mutation: You resist negative energy. (rN+) [Deep
                  | Dwarf growth]
 15803 | Lair:6   | Reached XP level 14. HP: 130/130 MP: 7/7
 15903 | Lair:6   | Reached ****** piety under Makhleb
 15910 | Lair:6   | Found a staircase to the Slime Pits.
 15914 | Lair:6   | Found a viscous altar of Jiyva.
 16001 | Lair:6   | Reached skill level 10 in Fighting
 16051 | Lair:6   | Found a sacrificial altar of Ru.
 16343 | Lair:6   | Reached skill level 10 in Invocations
 16654 | Snake:1  | Entered Level 1 of the Snake Pit
 17804 | Snake:2  | Noticed a nagaraja
 17813 | Snake:2  | Killed a nagaraja
 17858 | Snake:2  | Reached XP level 15. HP: 107/140 MP: 9/9
 17964 | Snake:2  | Found Fykucsim's Armour Shop.
 17966 | Snake:2  | Found Jowneo's Assorted Antiques.
 17966 | Snake:2  | Found Jill's Book Shop.
 17971 | Snake:2  | Found Weschafourgh's Book Boutique.
 17978 | Snake:2  | Bought a scroll of identify for 58 gold pieces
 19147 | Snake:3  | Found a flickering gateway to a bazaar.
 19231 | Bazaar   | Entered a bazaar
 19249 | Bazaar   | Found Rirui's Book Emporium.
 19270 | Bazaar   | Found Maocrul's Weapon Emporium.
 19270 | Bazaar   | Found Resuug Riul's Jewellery Shoppe.
 19295 | Bazaar   | Found Xailun's Antique Armour Emporium.
 19316 | Bazaar   | Found Haedduih's Antique Weapon Emporium.
 19316 | Bazaar   | Found Tixer's Armour Shoppe.
 19377 | Bazaar   | Bought a faintly humming plate armour for 448 gold pieces
 19390 | Bazaar   | Identified the cursed +1 plate armour "Qainulej" {rC+ rCorr
                  | Str+2} (You bought it in a shop in a bazaar)
 19403 | Bazaar   | Bought a pair of runed gloves for 120 gold pieces
 19456 | Bazaar   | Bought a +2 helmet for 115 gold pieces
 19540 | Snake:3  | Found a runed translucent gate.
 19540 | Snake:3  | Found a runed translucent gate.
 19540 | Snake:3  | Found a runed translucent gate.
 19542 | Snake:3  | Noticed Ousak's ghost (adept OpTm)
 19653 | Snake:3  | Noticed a nagaraja
 19677 | Snake:3  | Killed a nagaraja
 19739 | Snake:3  | Noticed a nagaraja
 19750 | Snake:3  | Killed a nagaraja
 19864 | Snake:4  | Entered Level 4 of the Snake Pit
 19918 | Snake:4  | Reached XP level 16. HP: 134/151 MP: 8/10
 20732 | Snake:4  | Got a serpentine rune of Zot
 20906 | Snake:4  | Reached XP level 17. HP: 156/159 MP: 11/11
 21240 | Shoals:1 | Entered Level 1 of the Shoals
 21505 | Shoals:1 | Noticed a kraken
 21785 | Shoals:1 | Reached skill level 10 in Dodging
 21785 | Shoals:1 | Reached skill level 15 in Evocations
 21785 | Shoals:1 | Gained mutation: You passively map a large area around you.
                  | [Deep Dwarf growth]
 21785 | Shoals:1 | Reached XP level 18. HP: 94/168 MP: 10/10
 22738 | Shoals:3 | Noticed Ilsuiw
 22756 | Shoals:3 | Killed Ilsuiw
 22859 | Shoals:3 | Noticed Bai Suzhen
 22909 | Shoals:3 | Killed Bai Suzhen
 23499 | Shoals:4 | Entered Level 4 of the Shoals
 23650 | Shoals:4 | Reached skill level 15 in Invocations
 23857 | Shoals:4 | Identified the Reference Book on the Frostbite and Heat
 24136 | Shoals:4 | Reached skill level 15 in Shields
 24168 | Shoals:4 | Got a barnacled rune of Zot
 24558 | Shoals:4 | Reached skill level 1 in Long Blades
 24594 | Shoals:4 | Reached XP level 19. HP: 177/177 MP: 11/11
 24844 | Snake:2  | Bought a phantom mirror for 870 gold pieces
 24850 | Snake:2  | Bought the +10 plate armour "Wimoetoj" {Harm rF+ Str+10
                  | Int-2} for 1232 gold pieces
 25142 | Elf:1    | Entered Level 1 of the Elven Halls
 25155 | Elf:1    | Reached skill level 15 in Armour
 25403 | Elf:1    | Found a runed translucent gate.
 25403 | Elf:1    | Found a runed translucent gate.
 25403 | Elf:1    | Found a runed translucent gate.
 25403 | Elf:1    | Found a runed translucent gate.
 25403 | Elf:1    | Found a runed translucent gate.
 25406 | Elf:1    | Found a runed translucent gate.
 25558 | Elf:1    | Got a twitching marble ring
 25561 | Elf:1    | Identified the ring "Anyof" {rPois rF- Int+3 Slay+3 SInv}
                  | (You found it on level 1 of the Elven Halls)
 26316 | Elf:2    | Reached skill level 5 in Long Blades
 26589 | Elf:2    | Found a huge runed translucent gate.
 26589 | Elf:2    | Found a huge runed translucent gate.
 26589 | Elf:2    | Found a huge runed translucent gate.
 26589 | Elf:2    | Found a huge runed translucent gate.
 26589 | Elf:2    | Found a huge runed translucent gate.
 26594 | Elf:2    | Got an ivory bardiche
 26604 | Elf:2    | Identified the +7 bardiche "Lyckure" {freeze, Stlth+} (You
                  | found it on level 2 of the Elven Halls)
 27078 | Elf:3    | Entered Level 3 of the Elven Halls
 27790 | Elf:3    | Identified the +10 halberd "Hutat" {vorpal, MR+ Int+3}
 27790 | Elf:3    | Identified the ring "Paecliocs" {rF+ Str+6}
 27835 | Elf:3    | Gained mutation: You occasionally shout uncontrollably at
                  | your foes. [a cacodemon]
 27931 | Elf:3    | Noticed a Tzitzimitl
 27933 | Elf:3    | Noticed a Tzitzimitl
 27960 | Elf:3    | Identified the +7 mace "Cising" {drain, *Contam rPois rF+++
                  | Dex+2}
 27992 | Elf:3    | Noticed a Tzitzimitl
 28077 | Elf:3    | Identified the ring "Luol" {rF+ Stlth+}
 28099 | Elf:3    | Reached skill level 10 in Long Blades
 28147 | Elf:3    | Identified the +8 war axe of the Pit {venom, MP+9}
 28147 | Elf:3    | Identified the ring of Evaqy {+Fly rElec rCorr MP+9 Int-3}
 28152 | Elf:3    | Reached XP level 20. HP: 143/188 MP: 10/10
 28178 | Elf:3    | Identified the Collected Works on the Birds
 28196 | Elf:3    | Identified the Catalogue of the Bewitching Glacier
 28299 | Elf:3    | Got a faintly glowing copper ring
 28302 | Elf:3    | Identified the ring of Gagracre {+Inv rN+} (You found it on
                  | level 3 of the Elven Halls)
 28336 | Elf:3    | Got an ancient buckler
 28348 | Elf:3    | Identified the -1 buckler of a treasure trove {rC+} (You
                  | found it on level 3 of the Elven Halls)
 28367 | Elf:3    | Got a sparkling golden ring
 28371 | Elf:3    | Identified the ring "Yzeiqih" {Slay+5 Stlth+} (You found it
                  | on level 3 of the Elven Halls)
 30121 | D:12     | Got an ancient scale mail
 30132 | D:12     | Identified the cursed +1 scale mail of Disappointment
                  | {Dex+4} (You found it on level 12 of the Dungeon)
 30575 | D:13     | Identified the Collected Works on Spatial Ice
 30590 | D:13     | Found a sacrificial altar of Ru.
 30774 | D:13     | Found a portal to a secret trove of treasure.
 30888 | D:13     | Noticed Azrael
 30904 | D:13     | Killed Azrael
 30921 | D:13     | Noticed Josephine
 30931 | D:13     | Killed Josephine
 31698 | D:14     | Found Ossele's Distillery.
 31715 | D:14     | Bought a potion of resistance for 180 gold pieces
 32130 | D:14     | Found a gate to the Vaults.
 32297 | D:15     | Entered Level 15 of the Dungeon
 32474 | D:15     | Found a staircase to the Depths.
 32738 | D:15     | Found an ornate altar of the Wu Jian Council.
 32911 | Vaults:1 | Entered Level 1 of the Vaults
 33712 | Vaults:1 | Noticed Nikola
 33721 | Vaults:1 | Killed Nikola
 34490 | Vaults:2 | Noticed Mara
 34500 | Vaults:2 | Noticed Ivan's illusion
 34501 | Vaults:2 | Reached skill level 15 in Axes
 34532 | Vaults:2 | Noticed Ivan's illusion
 34539 | Vaults:2 | Noticed Ivan's illusion
 34559 | Vaults:2 | Killed Mara
 34559 | Vaults:2 | Reached XP level 21. HP: 124/198 MP: 11/11
 34826 | Vaults:2 | HP: 4/198 [deep elf annihilator/iron shot[an ironheart
                  | preserver] (44)]
 35119 | Vaults:2 | Noticed Xtahua
 35132 | Vaults:2 | Killed Xtahua
 35561 | Vaults:2 | Found a staircase to the Crypt.
 35561 | Vaults:2 | Found an ancient bone altar of Kikubaaqudgha.
 35562 | Vaults:2 | Found a basalt altar of Yredelemnul.
 35564 | Vaults:2 | You fall into a shaft and drop 1 floor!
 37173 | Vaults:4 | Noticed Sojobo
 37187 | Vaults:4 | Killed Sojobo
 37233 | Vaults:4 | Noticed Jory
 37246 | Vaults:4 | Killed Jory
 37330 | Vaults:4 | Found Goblyryu's Food Shop.
 37358 | Vaults:4 | Reached XP level 22. HP: 208/208 MP: 12/12
 37752 | Vaults:5 | Entered Level 5 of the Vaults
 37782 | Vaults:5 | Reached skill level 15 in Fighting
 37943 | Vaults:5 | Noticed Mennas
 37982 | Vaults:5 | Killed Mennas
 38021 | Vaults:5 | Identified Sif Muna's Tome of Attacks and Earth
 38035 | Vaults:5 | Got a brightly glowing flail
 38040 | Vaults:5 | Identified the +5 flail of the Pariah {vorpal, MR++ Int+3}
                  | (You found it on level 5 of the Vaults)
 38073 | Vaults:5 | Noticed a golden dragon
 38083 | Vaults:5 | Killed a golden dragon
 38444 | Vaults:5 | Reached XP level 23. HP: 218/218 MP: 13/13
 38510 | Vaults:5 | Identified the +8 arbalest "Empuss" {elec, *Drain MR+
                  | Int+4}
 38510 | Vaults:5 | Identified the ring "Oghezopt" {*Slow rF+ Slay+3 Stlth+}
 38553 | Vaults:5 | Got a silver rune of Zot
 38683 | Vaults:5 | Identified Zotsisie's Reference Book on Creative Attacks
 39288 | Crypt:1  | Entered Level 1 of the Crypt
 41490 | Crypt:3  | Entered Level 3 of the Crypt
 41551 | Crypt:3  | Found a staircase to the Tomb.
 41630 | Crypt:3  | Found a magical portal.
 41635 | WizLab   | Entered Cigotuvi's Fleshworks
 41873 | WizLab   | Identified Cigotuvi's Grimoire of Stolen Souls
 41895 | WizLab   | Paralysed by a floating eye for 4 turns
 41904 | WizLab   | Paralysed by a floating eye for 4 turns
 42007 | WizLab   | Got a coiled turquoise ring
 42849 | Crypt:3  | Found a runed translucent gate.
 42849 | Crypt:3  | Found a runed translucent gate.
 42851 | Crypt:3  | Noticed Esecs's ghost (veteran GrEE)
 42853 | Crypt:3  | Found a runed translucent gate.
 42855 | Crypt:3  | Found an iron altar of Okawaru.
 42909 | Crypt:3  | Reached XP level 24. HP: 229/229 MP: 10/10
 42923 | Crypt:3  | Noticed an ancient lich
 42935 | Crypt:3  | Killed an ancient lich
 43017 | Crypt:3  | Noticed an ancient lich
 43030 | Crypt:3  | Killed an ancient lich
 43048 | Crypt:3  | Identified the Almanac of Nocuous Transformation
 43050 | Crypt:3  | Identified the Almanac of Creation
 43067 | Crypt:3  | Identified the ring of Ilasmez {rF+ rC+ Dex+2 Slay+6} (You
                  | found it in a wizard's laboratory)
 43122 | Crypt:3  | Reached skill level 15 in Dodging
 43156 | Crypt:3  | Identified the Incunabulum of Necromancy
 43522 | Crypt:3  | Killed Esecs's ghost
 43873 | Depths:1 | Entered Level 1 of the Depths
 43874 | Depths:1 | Found Nyohun's Gadget Shop.
 43874 | Depths:1 | Found Seravvargh's Jewellery Shoppe.
 43875 | Depths:1 | Found Kyiw's Jewellery Shoppe.
 43915 | Depths:1 | Bought a tin of tremorstones (3/3) for 560 gold pieces
 44114 | Depths:1 | Found Haoveh's Armour Boutique.
 44597 | Depths:1 | Found a gateway to Hell.
 44645 | Hell     | Entered the Vestibule of Hell
 44645 | Hell     | Noticed Geryon
 44828 | Depths:2 | Found a gateway to a ziggurat.
 45015 | Depths:2 | Identified Ixytehef's Incunabulum of Arcane Weapons
 45362 | Depths:2 | Found a runed translucent gate.
 45362 | Depths:2 | Found a runed translucent gate.
 45362 | Depths:2 | Found a runed translucent gate.
 45444 | Depths:2 | Found a runed translucent gate.
 45444 | Depths:2 | Found a runed translucent gate.
 45444 | Depths:2 | Found a runed translucent gate.
 45534 | Depths:2 | Identified the ring of Ostant {Fire +Blink Int+3}
 46157 | D:6      | Bought a potion of heal wounds for 55 gold pieces
 46157 | D:6      | Bought a potion of cancellation for 88 gold pieces
 46157 | D:6      | Bought a potion of resistance for 110 gold pieces
 46627 | Slime:1  | Entered Level 1 of the Pits of Slime
 47260 | Slime:1  | Gained mutation: Armour fits poorly on your strangely
                  | shaped body. [a shining eye]
 47387 | Slime:1  | Reached XP level 25. HP: 241/241 MP: 9/9
 47563 | Slime:3  | Noticed Dissolution
 47581 | Slime:3  | Killed Dissolution
 47815 | Slime:5  | Entered Level 5 of the Pits of Slime
 47845 | Slime:5  | Noticed the Royal Jelly
 47866 | Slime:5  | Killed the Royal Jelly
 47893 | Slime:5  | Found the +3 Elemental Staff {rElec rF++ rC++ MR++ AC+5}
 47982 | Slime:5  | Gained mutation: Your body sometimes deteriorates upon
                  | taking damage. [a shining eye]
 48162 | Slime:5  | Got a bound tin ring
 48218 | Slime:5  | Got a slimy rune of Zot
 48407 | Slime:5  | Identified the ring of Yqeysahina {rPois Str+6} (You found
                  | it on level 5 of the Pits of Slime)
 48428 | Slime:5  | Got a pitted ruby amulet
 48433 | Slime:5  | Got a pair of jewelled gloves
 48443 | Slime:5  | Identified the amulet of Carokleu {RegenMP rPois rN+ Str+3
                  | Int-3} (You found it on level 5 of the Pits of Slime)
 48444 | Slime:5  | Identified the +2 pair of gloves of Amixoc {rN+ Int+4 Dex+4
                  | SInv} (You found it on level 5 of the Pits of Slime)
 48488 | Slime:5  | Got a pitted long sword
 48502 | Slime:5  | Identified the +9 long sword of the Queen {speed, rF+ Int+4
                  | Dex+4} (You found it on level 5 of the Pits of Slime)
 49053 | Slime:3  | Lost mutation: You occasionally shout uncontrollably at
                  | your foes. [potion of mutation]
 49053 | Slime:3  | Lost mutation: Armour fits poorly on your strangely shaped
                  | body. [potion of mutation]
 49053 | Slime:3  | Lost mutation: Your body sometimes deteriorates upon taking
                  | damage. [potion of mutation]
 49053 | Slime:3  | Gained mutation: Scrolls take you a little longer to read.
                  | [potion of mutation]
 49053 | Slime:3  | Gained mutation: Your skin changes colour to match your
                  | surroundings (Stealth+). [potion of mutation]
 49054 | Slime:3  | Lost mutation: Scrolls take you a little longer to read.
                  | [potion of mutation]
 49054 | Slime:3  | Lost mutation: Your skin changes colour to match your
                  | surroundings (Stealth+). [potion of mutation]
 49054 | Slime:3  | Gained mutation: You are weak. (Str -2) [potion of
                  | mutation]
 49054 | Slime:3  | Gained mutation: Your system is resistant to poisons.
                  | (rPois) [potion of mutation]
 49054 | Slime:3  | Gained mutation: You have a pair of small antennae on your
                  | head. [potion of mutation]
 49055 | Slime:3  | Lost mutation: You are weak. (Str -2) [potion of mutation]
 49055 | Slime:3  | Lost mutation: You have a pair of small antennae on your
                  | head. [potion of mutation]
 49055 | Slime:3  | Lost mutation: Your system is resistant to poisons. (rPois)
                  | [potion of mutation]
 49055 | Slime:3  | Gained mutation: You evolve. [potion of mutation]
 49055 | Slime:3  | Gained mutation: You have a pair of small antennae on your
                  | head. [potion of mutation]
 49055 | Slime:3  | Gained mutation: You expend magic power (3 MP) to
                  | strengthen your wands. [potion of mutation]
 49095 | Slime:4  | Gained mutation: You are weak. (Str -2) [a shining eye]
 49101 | Slime:4  | Gained mutation: You occasionally shout uncontrollably at
                  | your foes. [a shining eye]
 49103 | Slime:4  | Gained mutation: Your magical capacity is low. (-10% MP) [a
                  | shining eye]
 49139 | Slime:4  | Gained mutation: Your body sometimes deteriorates upon
                  | taking damage. [a shining eye]
 49225 | Slime:4  | Lost mutation: Your magical capacity is low. (-10% MP)
                  | [evolution]
 49417 | Lair:6   | Lost mutation: You expend magic power (3 MP) to strengthen
                  | your wands. [potion of mutation]
 49417 | Lair:6   | Lost mutation: You are weak. (Str -2) [potion of mutation]
 49417 | Lair:6   | Lost mutation: You evolve. [potion of mutation]
 49417 | Lair:6   | Gained mutation: You have sharp toenails. [potion of
                  | mutation]
 49417 | Lair:6   | Gained mutation: You expend magic power (3 MP) to
                  | strengthen your wands. [potion of mutation]
 49418 | Lair:6   | Lost mutation: You expend magic power (3 MP) to strengthen
                  | your wands. [potion of mutation]
 49418 | Lair:6   | Lost mutation: You occasionally shout uncontrollably at
                  | your foes. [potion of mutation]
 49418 | Lair:6   | Gained mutation: Your spells are a little harder to cast,
                  | but a little more powerful. [potion of mutation]
 49418 | Lair:6   | Gained mutation: You can translocate small distances at
                  | will. [potion of mutation]
 49418 | Lair:6   | Lost mutation: Your body sometimes deteriorates upon taking
                  | damage. [potion of mutation]
 49418 | Lair:6   | Gained mutation: You are partially covered in large bone
                  | plates. (SH +4) [potion of mutation]
 49849 | Hell     | Killed Geryon
 50049 | Hell     | Found a gateway to the freezing wastes of Cocytus.
 50105 | Hell     | Found a gateway to the decaying netherworld of Tartarus.
 50120 | Hell     | Reached XP level 26. HP: 254/254 MP: 8/8
 50267 | Hell     | Found a gateway to the ashen valley of Gehenna.
 50304 | Hell     | Found a gateway to the Iron City of Dis.
 50412 | Tar:1    | Entered Level 1 of Tartarus
 51929 | Tar:2    | You fall into a shaft and drop 2 floors!
 53039 | Tar:5    | Gained mutation: You are frail. (-10% HP) [a neqoxec]
 53040 | Tar:5    | Lost mutation: Your spells are a little harder to cast, but
                  | a little more powerful. [a neqoxec]
 53547 | Tar:5    | Reached XP level 27. HP: 170/237 MP: 9/9
 54745 | Tar:7    | Entered Level 7 of Tartarus
 55120 | Tar:7    | Identified Magic in Simple Steps
 55394 | Tar:7    | Noticed Ereshkigal
 55466 | Tar:7    | Killed Ereshkigal
 55554 | Tar:7    | Got a bone rune of Zot
 55651 | Tar:7    | Identified Yfikidd's Reference Book on Ice
 55916 | Tar:7    | Got a heavily runed steel amulet
 58793 | Hell     | Identified the amulet of Cibau {Reflect rC+ SH+5} (You
                  | found it on level 7 of Tartarus)
 58879 | Dis:1    | Entered Level 1 of the Iron City of Dis
 59263 | Dis:1    | Gained mutation: You are weak. (Str -2) [a cacodemon]
 61839 | Dis:4    | You fall into a shaft and drop 2 floors!
 62734 | Dis:7    | Entered Level 7 of the Iron City of Dis
 63454 | Dis:7    | Gained mutation: Armour fits poorly on your strangely
                  | shaped body. [a cacodemon]
 63461 | Dis:7    | Lost mutation: You have sharp toenails. [potion of
                  | mutation]
 63461 | Dis:7    | Lost mutation: You are frail. (-10% HP) [potion of
                  | mutation]
 63461 | Dis:7    | Lost mutation: You are weak. (Str -2) [potion of mutation]
 63461 | Dis:7    | Lost mutation: You can translocate small distances at will.
                  | [potion of mutation]
 63461 | Dis:7    | Gained mutation: You are clumsy. (Dex -2) [potion of
                  | mutation]
 63461 | Dis:7    | Gained mutation: You are surrounded by a mild repulsion
                  | field. (EV +2) [potion of mutation]
 63467 | Dis:7    | Lost mutation: Armour fits poorly on your strangely shaped
                  | body. [potion of mutation]
 63467 | Dis:7    | Lost mutation: You are partially covered in large bone
                  | plates. (SH +4) [potion of mutation]
 63467 | Dis:7    | Gained mutation: You have large cloven feet. [potion of
                  | mutation]
 63814 | Dis:7    | Identified the ring of the Twenty Xenophobes {MR+ AC+4
                  | SInv}
 64021 | Dis:7    | Found the +2 cloak of the Thief {+Fog Slay-2 SInv Stlth+}
 64117 | Dis:7    | Gained mutation: Scrolls take you a little longer to read.
                  | [a cacodemon]
 64120 | Dis:7    | Lost mutation: Scrolls take you a little longer to read.
                  | [potion of mutation]
 64120 | Dis:7    | Lost mutation: You have a pair of small antennae on your
                  | head. [potion of mutation]
 64120 | Dis:7    | Lost mutation: You are surrounded by a mild repulsion
                  | field. (EV +2) [potion of mutation]
 64120 | Dis:7    | Lost mutation: You are clumsy. (Dex -2) [potion of
                  | mutation]
 64120 | Dis:7    | Gained mutation: You are robust. (+10% HP) [potion of
                  | mutation]
 64120 | Dis:7    | Gained mutation: You are very robust. (+20% HP) [potion of
                  | mutation]
 64174 | Dis:7    | Got an iron rune of Zot
 64190 | Dis:7    | Identified the +4 staff of Dispater
 64190 | Dis:7    | Noticed Dispater
 64225 | Dis:7    | Killed Dispater
 64423 | Coc:1    | Entered Level 1 of Cocytus
 65812 | Coc:2    | Upgraded the game from 0.25.0-33-gff14898491 to
                  | 0.25.0-37-gb73750e0fb
 71559 | Coc:7    | Entered Level 7 of Cocytus
 71562 | Coc:7    | Reached skill level 27 in Evocations
 72119 | Coc:7    | Noticed the Serpent of Hell
 72134 | Coc:7    | Killed the Serpent of Hell
 72343 | Coc:7    | Got a scorched brass ring
 72345 | Coc:7    | Identified the ring "Donkut" {rN+ MP+9} (You found it on
                  | level 7 of Cocytus)
 72348 | Coc:7    | Identified the Handbook of the Frostbite and Darkness
 72404 | Coc:7    | Noticed Antaeus
 72431 | Coc:7    | Killed Antaeus
 72444 | Coc:7    | Got an icy rune of Zot
 72795 | Coc:7    | Got a bloodstained mace
 72797 | Coc:7    | Identified the +8 mace of Xom's Delight {vorpal, *Slow rF-
                  | MR+ Str+8} (You found it on level 7 of Cocytus)
 73169 | Geh:1    | Entered Level 1 of Gehenna
 74806 | Geh:3    | You fall into a shaft and drop 1 floor!
 78536 | Geh:7    | Entered Level 7 of Gehenna
 79051 | Geh:7    | Identified the +7 sceptre of Asmodeus
 79051 | Geh:7    | Noticed Asmodeus
 79077 | Geh:7    | Killed Asmodeus
 79136 | Geh:7    | Got an obsidian rune of Zot
 79392 | Geh:7    | Got an ancient steel ring
 79394 | Geh:7    | Identified the ring "Lequpief" {MR+ Stlth+} (You found it
                  | on level 7 of Gehenna)
 79681 | Geh:7    | Got a twitching bronze ring
 79688 | Geh:7    | Identified the ring "Zityuj" {Str+4 Int+4 Dex+6 Slay-5}
                  | (You found it on level 7 of Gehenna)
 79694 | Geh:7    | Got a bound marble ring
 79696 | Geh:7    | Identified the ring "Fiuts" {EV+4 Str+2 Int+3 Dex+3 Stlth-}
                  | (You found it on level 7 of Gehenna)
 79708 | Geh:7    | Got a steaming lajatang
 79719 | Geh:7    | Identified the cursed +2 lajatang of Wumuhono {protect,
                  | Fragile rPois rF+++ Stlth-} (You found it on level 7 of
                  | Gehenna)
 80200 | D:13     | You paid a toll of 11 potions of heal wounds to enter a
                  | treasure trove
 80201 | Trove    | Entered a treasure trove
 80279 | Trove    | Got a clouded diamond amulet
 80294 | Trove    | Identified the amulet of the Everdark {Spirit *Slow +Blink
                  | rN+} (You found it in a treasure trove)
 80503 | Depths:1 | Bought a box of beasts for 280 gold pieces
 80715 | Depths:2 | Got an agate-encrusted plate armour
 80727 | Depths:2 | Identified the +0 plate armour "Kylula" {+Inv +Fly rPois}
                  | (You found it on level 2 of the Depths)
 80929 | Zig:1    | Entered Level 1 of a ziggurat
 80952 | Zig:2    | Entered Level 2 of a ziggurat
 80997 | Zig:3    | Entered Level 3 of a ziggurat
 81041 | Zig:4    | Entered Level 4 of a ziggurat
 81093 | Zig:5    | Entered Level 5 of a ziggurat
 81141 | Zig:5    | Paralysed by a floating eye for 4 turns
 81209 | Zig:6    | Entered Level 6 of a ziggurat
 81245 | Zig:6    | Identified the Papyrus of Lethal Good Luck
 81258 | Zig:6    | Got a vibrating steel amulet
 81263 | Zig:6    | Identified the Guide on Scorching Weightlessness
 81267 | Zig:6    | Identified the amulet of Xenaiskoriu {rPois Regen+ Slay+2}
                  | (You found it on level 6 of a ziggurat)
 81286 | Zig:7    | Entered Level 7 of a ziggurat
 81311 | Zig:7    | Paralysed by accursed screaming for 1 turns
 81401 | Zig:8    | Entered Level 8 of a ziggurat
 81441 | Zig:8    | Identified the Disquisition on the Lucky Compass
 81463 | Zig:8    | Identified Dymugin's Collected Works on the Shifting Rocks
 81474 | Zig:9    | Entered Level 9 of a ziggurat
 81550 | Zig:10   | Entered Level 10 of a ziggurat
 81563 | Zig:10   | Noticed an ancient lich
 81566 | Zig:10   | Noticed an ancient lich
 81568 | Zig:10   | Noticed an ancient lich
 81578 | Zig:10   | Killed an ancient lich
 81581 | Zig:10   | Killed an ancient lich
 81592 | Zig:10   | Killed an ancient lich
 81615 | Zig:10   | Got faintly glowing gold dragon scales
 81627 | Zig:10   | Identified the +0 gold dragon scales "Sekebuh" {rPois rF+
                  | rC+ MR+++ Regen+ Int-3 Dex+4} (You found it on level 10 of
                  | a ziggurat)
 81677 | Zig:11   | Entered Level 11 of a ziggurat
 81693 | Zig:11   | Reached skill level 27 in Armour
 81738 | Zig:11   | Identified the Catalogue of the Voyage
 81749 | Zig:11   | Got a coiled silver ring
 81755 | Zig:11   | Identified the ring of Ynaowant {Str-2 Int+7 Slay+4} (You
                  | found it on level 11 of a ziggurat)
 81849 | Zig:12   | Entered Level 12 of a ziggurat
 81857 | Zig:12   | Found the +9 sword of Zonguldrok {reap}
 81896 | Zig:12   | Identified Noop's Reference Book on Spatial Transformation
 81937 | Zig:12   | Reached skill level 27 in Shields
 81963 | Zig:13   | Entered Level 13 of a ziggurat
 81985 | Zig:13   | Paralysed by accursed screaming for 2 turns
 82008 | Zig:13   | Identified the Compendium of the Scorching Traveller
 82010 | Zig:13   | Identified the Collected Works on the Traveller and
                  | Companions
 82015 | Zig:13   | Identified the Papyrus of Venom and Darkness
 82056 | Zig:14   | Entered Level 14 of a ziggurat
 82130 | Zig:15   | Entered Level 15 of a ziggurat
 82143 | Zig:15   | Paralysed by a floating eye for 4 turns
 82153 | Zig:15   | Found the ring of Robustness {AC+8}
 82231 | Zig:15   | Got a shimmering bronze ring
 82237 | Zig:15   | Identified the ring of Vusoibor {+Blink Str+6 Int+4} (You
                  | found it on level 15 of a ziggurat)
 82251 | Zig:16   | Entered Level 16 of a ziggurat
 82306 | Zig:16   | Identified the Disquisition on Attacks
 82341 | Zig:16   | Got a masterwork great sword
 82356 | Zig:16   | Identified the +5 great sword of Canwyaso {vorpal, Fragile
                  | +Blink rPois SInv} (You found it on level 16 of a ziggurat)
 82364 | Zig:16   | Got a polished plate armour
 82378 | Zig:16   | Identified the +1 plate armour of the Clam {Slay+2} (You
                  | found it on level 16 of a ziggurat)
 82452 | Zig:17   | Entered Level 17 of a ziggurat
 82459 | Zig:17   | Noticed a juggernaut
 82459 | Zig:17   | Noticed a juggernaut
 82471 | Zig:17   | Killed a juggernaut
 82505 | Zig:17   | Killed a juggernaut
 82514 | Zig:17   | Reached skill level 15 in Long Blades
 82552 | Zig:17   | Identified the Tome of the Snowflakes and Transmutation
 82566 | Zig:18   | Entered Level 18 of a ziggurat
 82580 | Zig:18   | Noticed an ancient lich
 82589 | Zig:18   | Reached skill level 27 in Dodging
 82596 | Zig:18   | Killed an ancient lich
 82651 | Zig:18   | Identified the Guide on Lightness and Venom
 82708 | Zig:18   | Reached skill level 27 in Axes
 82715 | Zig:18   | Got a twisted great sword
 82722 | Zig:18   | Identified the +7 great sword "Duhy" {vorpal, rF+ Int+5}
                  | (You found it on level 18 of a ziggurat)
 82751 | Zig:19   | Entered Level 19 of a ziggurat
 82790 | Zig:19   | Noticed Pubaeneis the pandemonium lord
 82811 | Zig:19   | Killed Pubaeneis the pandemonium lord
 82863 | Zig:19   | Got a shimmering battleaxe
 82873 | Zig:19   | Identified the +6 battleaxe "Dwarf's Death" {protect, rF+
                  | MR+} (You found it on level 19 of a ziggurat)
 82899 | Zig:19   | Got a slimy wooden ring
 82910 | Zig:19   | Identified the ring of Dialliv {rPois rN+ EV+4} (You found
                  | it on level 19 of a ziggurat)
 82931 | Zig:19   | Got a faintly humming plate armour
 82948 | Zig:19   | Identified the +16 plate armour of Trumpets {rN+ Int+4}
                  | (You found it on level 19 of a ziggurat)
 82984 | Zig:20   | Entered Level 20 of a ziggurat
 83003 | Zig:20   | Noticed a juggernaut
 83005 | Zig:20   | Noticed a juggernaut
 83006 | Zig:20   | Noticed a juggernaut
 83021 | Zig:20   | Killed a juggernaut
 83022 | Zig:20   | Killed a juggernaut
 83027 | Zig:20   | Killed a juggernaut
 83126 | Zig:20   | Got a vibrating steel ring
 83154 | Zig:20   | Identified the ring of Elyvilon's Respect {+Fly Int+5} (You
                  | found it on level 20 of a ziggurat)
 83206 | Zig:21   | Entered Level 21 of a ziggurat
 83344 | Zig:21   | Got a glittering emerald amulet
 83350 | Zig:21   | Got a wavering amber ring
 83366 | Zig:21   | Identified the amulet "Nietof" {Acrobat rF+ rC++ MR+} (You
                  | found it on level 21 of a ziggurat)
 83368 | Zig:21   | Identified the ring "Qitonep" {AC+4 Dex+2} (You found it on
                  | level 21 of a ziggurat)
 83388 | Zig:22   | Entered Level 22 of a ziggurat
 83488 | Zig:22   | Identified the Guide on Fetching Aid
 83497 | Zig:22   | Got a shimmering glass ring
 83518 | Zig:22   | Got an iridescent hand axe
 83530 | Zig:22   | Identified the +4 hand axe of Demonkind {flame, rElec rF+
                  | rC- rN+} (You found it on level 22 of a ziggurat)
 83534 | Zig:22   | Got a steaming battleaxe
 83544 | Zig:22   | Identified the +1 battleaxe "Kots" {vorpal, Str+4} (You
                  | found it on level 22 of a ziggurat)
 83594 | Zig:22   | Identified the ring of Truth {rElec rPois rF+ rC+} (You
                  | found it on level 22 of a ziggurat)
 83626 | Zig:23   | Entered Level 23 of a ziggurat
 83644 | Zig:23   | Noticed a greater mummy
 83644 | Zig:23   | Noticed a greater mummy
 83645 | Zig:23   | Noticed an ancient lich
 83647 | Zig:23   | Noticed a greater mummy
 83647 | Zig:23   | Noticed a greater mummy
 83647 | Zig:23   | Noticed a greater mummy
 83650 | Zig:23   | Noticed a greater mummy
 83653 | Zig:23   | Killed from afar by an ancient lich

Illustrated notes

Levels and vault maps discovered:
D:1:      ebering_trefoil_3fold, layout_basic, hangedman_decor_riveting
D:2:      layout_loops_ring
D:3:      layout_basic, kennysheep_slug_shrine, lemuel_crystal_altar,
          minitemple, portal_sewer_entry_e, minmay_three_crescents
D:4:      minmay_door_path, layout_loops_ring, first_ration, serial_shops,
          nicolae_shop_statue_plus
D:5:      layout_cave_pools, tso_metal_star, old_standard_altar,
          minmay_temple_entry_waves, serial_shops, kennysheep_little_box,
          basic_altar, hangedman_decor_clover_reticule, st_stairs_10,
          uniq_edmund, uniq_crazy_yiuf_cottage, uniq_sigmund
D:6:      layout_loops_ring, serial_shops, nicolae_shop_crystal, tgw_trog,
          uniq_duvessa
D:7:      lemuel_ice_statue, layout_basic, grunt_qazlal_clouds, grunt_ogre_cave,
          uniq_harold
D:8:      layout_loops_ring, nicolae_dithmenos_shadow_blocks, marbit_many_paths,
          hellmonk_ghost_happy_afterlife, kennysheep_generic_room_5,
          uniq_psyche, uniq_maggie, uniq_maurice
D:9:      layout_cave_pods, grunt_temple_overflow_lords_of_destruction,
          kennysheep_mini
D:10:     layout_roguey, erik_lair_island, david_orc_3
D:11:     layout_roguey
D:12:     layout_loops_ring
D:13:     layout_loops_cross, nicolae_trove_entry_crystal,
          nicolae_ru_path_of_blood, uniq_josephine, uniq_azrael
D:14:     layout_loops_cross, david_vaults_5, serial_shops, nicolae_shop_stone,
          minmay_misc_feat_alley
D:15:     grunt_enter_depths_giant_problem, layout_cave_pools,
          lemuel_coloured_pillars_altar, corexii_hall_statues_t,
          lemuel_flamethrower_3
Temple:   zaba_magenta_temple
Lair:1:   layout_chaotic_city, lemuel_fruit_tree
Lair:2:   layout_cave_pods, minmay_shoals_entry_hut, serial_bayou_shore_b
Lair:3:   layout_hall_layers, beast_lair_carwin_9, minmay_lair_oklob_chamber
Lair:4:   layout_cave_pods, minmay_snake_entry_guardpost_medium,
          serial_bayou_shore_a, serial_bayou_shore_b
Lair:5:   layout_regular_city, eino_small_chamber_without_monster
Lair:6:   grunt_lair_end_beastmaster, layout_long_grid, slime_altar_1,
          basic_altar
Shoals:1: layout_shoals
Shoals:2: layout_shoals
Shoals:3: layout_shoals, nicolae_shoals_kraken_intersection, uniq_ilsuiw,
          uniq_bai_suzhen
Shoals:4: shoals_end_simple, layout_shoals
Snake:1:  layout_chambers
Snake:2:  layout_gridlike, nicolae_snake_round_shape_thing, grunt_ministairs_7,
          minmay_shoptagon
Snake:3:  layout_onion, serial_shops, bzr_entry_lakeside,
          ebering_ghost_rock_garden, grunt_ministairs_7
Snake:4:  grunt_snake_rune_spirals, layout_concentric_octagons
Slime:1:  layout_caves
Slime:2:  layout_caves
Slime:3:  layout_caves, uniq_dissolution
Slime:4:  layout_caves
Slime:5
Orc:1:    layout_caves, nicolae_volcano_entry_two_sided
Orc:2:    grunt_orc_community_town_hall, layout_diamond_mine,
          grunt_orc_community_big_house_1, grunt_orc_community_big_house_1,
          grunt_orc_community_house_2, grunt_orc_community_house_3,
          grunt_orc_community_house_1, grunt_orc_community_house_1,
          serial_shops, statue_bzr, gammafunk_ghost_berserking_beasts,
          nooodl_orcs_dogs
Elf:1:    elf_arrival_002, layout_loops_ring, orc_legates, glass_columns_a,
          fake_guardian_serpent_vault
Elf:2:    layout_loops_cross
Elf:3:    grunt_elf_hall_asides, layout_geoelf_castle, abandoned_shop
Vaults:1: vaults_standard_mumra_x, dpeg_vaults_monster_box,
          nicolae_vaults_statue_guard, nicolae_vaults_mini_display_case,
          vaults_room_grunt_arrival_ludios, grunt_vaults_hallway_short,
          nicolae_vaults_little_squares_6, nicolae_vaults_network_quincunx
          [nicolae_vaults_network_quincunx_subvault,
          nicolae_vaults_network_quincunx_subvault,
          nicolae_vaults_network_quincunx_subvault,
          nicolae_vaults_network_quincunx_subvault,
          nicolae_vaults_network_quincunx_subvault],
          nicolae_vaults_little_squares_2, serial_ice_b,
          layout_vaults_quadrants, uniq_nikola
Vaults:2: v_misc_19, v_misc_4, minmay_crypt_entry_necro_gods,
          vaults_dpeg_diagonal, nicolae_vaults_little_squares_5,
          nicolae_vaults_little_ls, vaults_dpeg_hooks, vaults_room_large_hall,
          nicolae_vaults_network_square, nicolae_vaults_border_crossing,
          vaults_mumra_minichess_inversion, nicolae_vaults_yaktaur_gun_rack,
          st_lines, vaults_room_fours, ontoclasm_vaults_fault,
          layout_vaults_big_room, uniq_xtahua, uniq_mara, uniq_saint_roka
Vaults:3: nicolae_vaults_network_s, v_rooms_5, nicolae_vaults_specimen_jars,
          v_misc_22, nicolae_vaults_disjoint_gnomons, hangedman_vaults_maws,
          nicolae_vaults_asterisk, vaults_room_fours, ontoclasm_vaults_spin,
          ontoclasm_vaults_loading_screen, nicolae_vaults_angled_halls,
          layout_vaults_omnicross, uniq_margery
Vaults:4: v_pattern_4, v_misc_19, nicolae_vaults_little_squares_3, v_misc_17,
          ontoclasm_vaults_shuriken, hangedman_vaults_nails, v_rooms_3,
          v_misc_18, v_misc_27, v_alt_pattern_6, nicolae_vaults_theta,
          vaults_dpeg_encased_lava, nicolae_vaults_angled_halls,
          layout_vaults_maze_snakey, serial_shops, nicolae_shop_window_shopping,
          uniq_jory, uniq_sojobo
Vaults:5: serial_shops, uniq_mennas
Crypt:1:  layout_chaotic_city
Crypt:2:  layout_rooms, serial_sigils, serial_sigils_hangedman_scar,
          serial_sigils_hangedman_etch, serial_sigils_hangedman_gnaw,
          serial_sigils_hangedman_clutch, serial_sigils_hangedman_stare
Crypt:3:  david_glass_crypt, layout_gridlike, mu_enter_wizlab_7,
          gammafunk_ghost_fury_of_okawaru, special_room [special_room_morgue]
Depths:1: layout_gridlike, hangedman_abyss_or_decor_stabs, serial_shops, shop,
          hellmouth_1, patterned_corridor, minmay_shop_grove
Depths:2: kennysheep_treasure_stockpile, layout_gridlike, enter_ziggurat_d,
          minmay_holes, lightli_too_deep, drop_trap, infiniplex_staircase_pool_2
Hell
Dis:1:    layout_subdivisions
Dis:2:    layout_regular_city
Dis:3:    layout_jigsaw
Dis:4:    layout_regular_city
Dis:6:    layout_overlapping_boxes, grunt_dis_stairs_iron_hall
Dis:7:    iron_city_of_dis [dis_grunt, dis_wall_7], layout_chaotic_city
Geh:1:    layout_gehenna_pools_basic
Geh:2:    layout_gehenna_lava_caves
Geh:3:    layout_gehenna_lava_caves
Geh:4:    layout_gehenna_lava_caves
Geh:5:    layout_gehenna_lava_caves, evilmike_ambush
          [evilmike_ambush_outer_basic, evilmike_ambush_inner_basic]
Geh:6:    layout_gehenna_pools_basic, nicolae_geh_fiery_graves
          [nicolae_geh_single_fiery_grave, nicolae_geh_single_fiery_grave,
          nicolae_geh_single_fiery_grave, nicolae_geh_single_fiery_grave,
          nicolae_geh_single_fiery_grave, nicolae_geh_single_fiery_grave,
          nicolae_geh_single_fiery_grave, nicolae_geh_single_fiery_grave,
          nicolae_geh_single_fiery_grave]
Geh:7:    evilmike_geh
Coc:1:    layout_ice_bergs
Coc:2:    layout_ice_bergs
Coc:3:    layout_cocytus_water_paths
Coc:4:    layout_ice_bergs
Coc:5:    layout_ice_bergs
Coc:6:    layout_cocytus_water_paths
Coc:7:    coc_old
Tar:1:    layout_catacombs
Tar:2:    layout_grid_maze
Tar:3:    layout_cathedral_of_symmetry
Tar:4:    layout_honeycomb
Tar:5:    layout_catacombs
Tar:6:    layout_grid_maze
Tar:7:    tar_mu [tar_mu_maze]
Zig:23

Skill      XL: |  1  2  3  4  5  6  7  8  9 10 11 12 13 14 15 16 17 18 19 20 21 22 23 24 25 26 27 |
---------------+----------------------------------------------------------------------------------+-----
Fighting       | 3 4 5 6 7 8 9 10 11 12 13 14 15 16 17 18 26 | 26.3
Axes           | 3 4 5 6 7 8 9 10 11 12 13 14 15 16 17 18 19 27 | 27.0
Shields        | 4 5 6 7 8 9 10 11 12 13 14 15 16 17 18 19 20 27 | 27.0
Armour         | 4 5 6 7 8 9 10 11 12 13 14 15 16 17 18 19 20 27 | 27.0
Dodging        | 1 2 3 5 6 7 8 9 10 12 13 14 16 17 18 27 | 27.0
Evocations     | 2 5 7 9 10 12 13 14 15 16 17 18 19 21 22 27 | 27.0
Invocations    | 1 5 7 9 11 12 13 14 15 16 17 18 19 | 19.5
Long Blades    | 1 10 12 20 | 20.7

Action                   |  1- 3 |  4- 6 |  7- 9 | 10-12 | 13-15 | 16-18 | 19-21 | 22-24 | 25-27 || total
-------------------------+-------+-------+-------+-------+-------+-------+-------+-------+-------++-------
Melee: War axe           |   151 |   251 |   387 |   327 |       |       |   200 |       |       ||  1316
       Flail             |       |       |       |   128 |       |       |       |       |       ||   128
       Broad axe         |       |       |       |   371 |   955 |   845 |  1024 |  1138 |  6919 || 11252
       Demon trident     |       |       |       |       |    11 |       |       |       |       ||    11
       Demon blade       |       |       |       |       |       |       |       |    54 |       ||    54
       Eudemon blade     |       |       |       |       |       |       |       |       |    30 ||    30
       Double sword      |       |       |       |       |       |       |       |       |    25 ||    25
       Lajatang          |       |       |       |       |       |       |       |       |     8 ||     8
Invok: Greater Servant o |       |       |       |       |       |     2 |       |     2 |     3 ||     7
 Abil: Heal Wounds       |       |     4 |    14 |    33 |     7 |    12 |     9 |    23 |    65 ||   167
       Evoke Berserk Rag |       |       |       |       |       |       |       |     2 |       ||     2
       Evoke Flight      |       |       |       |       |       |       |       |     1 |     2 ||     3
       Blink             |       |       |       |       |       |       |       |       |     4 ||     4
Evoke: Wand              |       |       |       |     6 |       |     5 |     9 |    13 |     3 ||    36
       Box of beasts     |       |       |       |       |       |       |       |     5 |    12 ||    17
       Tin of tremorston |       |       |       |       |       |       |       |       |    17 ||    17
       Horn of Geryon    |       |       |       |       |       |       |       |       |     6 ||     6
       Phantom mirror    |       |       |       |       |       |       |       |       |     4 ||     4
  Use: Scroll            |       |       |    14 |     8 |    14 |    10 |    13 |    13 |    27 ||    99
       Potion            |       |       |       |     3 |       |     1 |    13 |     7 |    24 ||    48
 Stab: Petrified         |       |       |       |       |     7 |       |       |       |     1 ||     8
       Distracted        |       |       |       |       |       |       |       |     1 |     7 ||     8
       Confused          |       |       |       |       |       |       |       |       |     2 ||     2
  Eat: Chunk             |     2 |     5 |    12 |    18 |    25 |    15 |    35 |    19 |    31 ||   162
       Ration            |       |       |       |       |       |     1 |     1 |     5 |    25 ||    32
Armor: Scale mail        |    16 |       |       |       |       |       |       |       |       ||    16
       Chain mail        |    63 |       |    63 |   408 |   419 |   384 |     2 |   129 |       ||  1468
       Plate armour      |    20 |   241 |   142 |       |       |       |   294 |   169 |  1230 ||  2096
Dodge: Dodged            |    36 |    64 |   128 |   337 |   324 |   375 |   248 |   222 |  2136 ||  3870
Block: Kite shield       |    96 |   185 |   247 |   588 |   773 |       |       |       |       ||  1889
       Reflection        |       |       |       |       |    61 |   189 |   183 |   116 |    17 ||   566
       Tower shield      |       |       |       |       |    65 |  1370 |  1423 |  1327 |  8261 || 12446
       Rpst.: Demon blade |       |       |       |       |       |       |       |     5 |       ||     5
       Double sword      |       |       |       |       |       |       |       |       |     8 ||     8
